 Dungeon Crawl Stone Soup version 0.17-a0-702-gb3a3556 (webtiles) character file.

1082 laxity the Transmogrifier (level 8, -2/64 HPs)
             Began as a Naga Transmuter on Apr 19, 2015.
             Slain by an ogre
             ... wielding a +0 giant spiked club
              (18 damage)
             ... on level 4 of the Dungeon.
             The game lasted 00:12:06 (6661 turns).

laxity the Transmogrifier (Naga Transmuter)         Turns: 6661, Time: 00:12:06

Health: -2/64      AC:  2    Str: 14    XL:     8   Next: 30%
Magic:  9/11       EV: 19    Int: 15    God:
Gold:   259        SH:  0    Dex: 16    Spells: 3 memorised, 2 levels left

rFire  . . .     SeeInvis +       - Unarmed
rCold  . . .     Clarity  .     (armour currently unavailable)
rNeg   . . .     SustAb   .     (shield currently unavailable)
rPois  x         Gourm    .     (helmet currently unavailable)
rElec  .         Spirit   .     (cloak currently unavailable)
rCorr  .         Warding  .     (gloves currently unavailable)
rMut   .         Stasis   .     (no barding)
MR     +....                    (no amulet)
Stlth  +.........               (no ring)
                                (no ring)

@: spider-form (expiring), somewhat resistant to hostile enchantments, very
unstealthy
A: see invisible, (deformed body), (poison resistance), (slowness 0), spit
poison 2, AC +2
a: Spit Poison, End Transformation


You were on level 4 of the Dungeon.
You were hungry.
You were a venomous arachnid creature.
You visited 1 branch of the dungeon, and saw 5 of its levels.

You collected 259 gold pieces.

Inventory:

Missiles
 b - 12 arrows
 q - 13 stones (quivered)
Armour
 c - a +0 robe (melded)
 f - a storm dragon hide
 r - a +0 cloak (melded)
Jewellery
 u - an uncursed ring of fire
Scrolls
 e - a scroll of teleportation
 h - a scroll of recharging {unknown}
 k - 2 scrolls of blinking
 m - 2 scrolls of enchant weapon
 n - a scroll of fear
Potions
 i - 2 potions of degeneration
 p - a potion of poison {unknown}
 s - a potion of mutation {unknown}
 t - 2 potions of cancellation
 v - a potion of haste
 w - a potion of invisibility
 x - 2 potions of ambrosia
Books
 d - a book of Changes

   Spells                             Type                      Level
   a - Beastly Appendage              Transmutation                1
   b - Sticks to Snakes               Transmutation                2
   c - Spider Form                    Transmutation/Poison         3
   d - Ice Form                       Ice/Transmutation            4
   e - Blade Hands                    Transmutation                5
Comestibles
 a - 2 bread rations
 g - a chunk of flesh
 j - 5 meat rations
 o - a royal jelly


   Skills:
 - Level 1.0 Fighting
 - Level 1.5 Dodging
 - Level 3.0 Unarmed Combat
 - Level 2.0 Spellcasting
 + Level 9.7 Transmutations


You had 2 spell levels left.
You knew the following spells:

 Your Spells              Type           Power        Failure   Level  Hunger
a - Beastly Appendage     Trmt           ####..       3%          1    #......
b - Spider Form           Trmt/Pois      ###.......   28%         3    ###....
c - Blade Hands           Trmt           ####......   32%         5    ######.


Dungeon Overview and Level Annotations

Branches:
Dungeon (5/15)             Temple (0/1) D:4

Altars:
Kikubaaqudgha
Qazlal
Zin

Shops:
D:4 :

Annotations:
D:4 Edmund


Innate Abilities, Weirdness & Mutations

You cannot wear boots.
((Your serpentine skin is tough (AC +2).))
You have supernaturally acute eyesight.
((Armour fits poorly on your strangely shaped body.))
((Your system is resistant to poisons.))
((You cover ground very slowly.))
You can spit poison.


Message History

Confirm with . or Enter, or press ? or * to list all spells.
You turn into a venomous arachnid creature.
Your +0 cloak melds into your body.
Your +0 robe melds into your body.
The goblin hits you with an enchanted dagger.
You hit the ogre.
The ogre is poisoned.
The ogre is lightly wounded.
The ogre hits you with a giant spiked club!!
The goblin closely misses you.
A centaur comes into view.
You are feeling hungry.
The centaur shouts!
Your transformation is almost over.
The centaur hits you.
* * * LOW HITPOINT WARNING * * *
The centaur closely misses you.
You hit the centaur but do no damage.
The centaur is poisoned.
The centaur hits you.
* * * LOW HITPOINT WARNING * * *
The ogre hits you with a giant spiked club!!
You die...

#.............#.♣......# #....
'......8......'.♣♣.....# #....
#...........(.#.♣......## ##....
#.............#.........####.....
#.............#..................
#.............#..................
#.............#.g..♣♣..........♣♣
#.....†.......#.O...♣..........♣.
#######'#######.s.[..............
.###....####..÷.c.........♣.....#
..................##.....♣♣♣...##
.######...........##....##.#####
.## ##..##......###.#.##.## #
..######..#...........#.....# #
............................#####
..##....#.....##.###...####.#..#.
..##..#...÷#.###..##...## #......


You could see an ogre, a centaur and a goblin.

Vanquished Creatures
  Sigmund (D:5)
  A sky beast (D:5)
  An ice beast (D:5)
  A phantom (D:4)
  An ogre (D:4)
  2 centaurs (D:5)
  2 scorpions
  A crimson imp (D:5)
  2 orc wizards
  A centaur skeleton (D:5)
  An orc priest (D:5)
  A hound (D:5)
  A worker ant (D:4)
  An iguana (D:3)
  An adder (D:4)
  An ooze (D:5)
  2 worms (D:3)
  2 giant geckos
  18 orcs
  6 bats
  A bat skeleton (D:4)
  2 giant cockroaches
  7 hobgoblins
  A quokka (D:4)
  2 giant newts
  A giant spore (D:5)
  7 goblins
  6 kobolds
  A quokka skeleton (D:4)
  6 rats
  2 ballistomycetes (D:5)
83 creatures vanquished.

Notes
Turn   | Place    | Note
--------------------------------------------------------------
     0 | D:1      | laxity, the Naga Transmuter, began the quest for the Orb.
     0 | D:1      | Reached XP level 1. HP: 18/18 MP: 3/3
   367 | D:1      | Reached XP level 2. HP: 4/25 MP: 5/5
  1599 | D:3      | Found an ancient bone altar of Kikubaaqudgha.
  2062 | D:3      | Reached XP level 3. HP: 31/31 MP: 6/6
  2067 | D:3      | Learned a level 3 spell: Spider Form
  2105 | D:3      | HP: 1/31 [worm (12)]
  2555 | D:3      | Reached skill level 4 in Transmutations
  2842 | D:3      | Reached XP level 4. HP: 19/38 MP: 4/7
  3091 | D:3      | Noticed a scorpion
  3098 | D:3      | Killed a scorpion
  3098 | D:3      | Reached skill level 5 in Transmutations
  3098 | D:3      | Reached XP level 5. HP: 44/44 MP: 1/8
  3969 | D:4      | Found a staircase to the Ecumenical Temple.
  4001 | D:4      | Noticed Edmund
  4003 | D:4      | Noticed a phantom
  4005 | D:5      | Entered Level 5 of the Dungeon
  4214 | D:5      | Reached skill level 6 in Transmutations
  4492 | D:5      | Noticed Sigmund
  4504 | D:5      | Killed Sigmund
  4504 | D:5      | Reached skill level 7 in Transmutations
  4504 | D:5      | Reached XP level 6. HP: 28/51 MP: 6/9
  4635 | D:5      | Noticed a sky beast
  4645 | D:5      | Killed a sky beast
  4645 | D:5      | Reached XP level 7. HP: 45/57 MP: 6/10
  4682 | D:5      | Learned a level 5 spell: Blade Hands
  4920 | D:5      | Noticed an ice beast
  4932 | D:5      | Killed an ice beast
  4932 | D:5      | Reached skill level 8 in Transmutations
  5358 | D:5      | Noticed a centaur
  5364 | D:5      | Killed a centaur
  5599 | D:5      | Noticed a centaur
  5608 | D:5      | Killed a centaur
  5608 | D:5      | Reached skill level 9 in Transmutations
  5608 | D:5      | Reached XP level 8. HP: 53/64 MP: 8/11
  5750 | D:5      | Found a stormy altar of Qazlal.
  5761 | D:5      | Found a glowing silver altar of Zin.
  5803 | D:4      | Found Maigocih's Book Shop.
  6080 | D:4      | Noticed an ogre
  6097 | D:4      | Killed an ogre
  6384 | D:4      | Killed a phantom
  6661 | D:4      | Slain by an ogre

Action                   |  1- 3 |  4- 6 |  7- 9 || total
-------------------------+-------+-------+-------++-------
Melee: Unarmed           |    96 |    85 |   163 ||   344
Throw: Stone             |       |       |     2 ||     2
 Cast: Spider Form       |     2 |    10 |    14 ||    26
       Beastly Appendage |     2 |       |       ||     2
       Blade Hands       |       |       |     1 ||     1
  Use: Scroll            |       |    13 |     2 ||    15
       Potion            |       |       |     1 ||     1
  Eat: Chunk             |     6 |     4 |     9 ||    19
       Beef jerky        |       |     1 |       ||     1
       Fruit             |       |     1 |     1 ||     2
